 Dungeon Crawl Stone Soup version 0.27-a0-1149-g4505690ab0 (webtiles) character file.

Game seed: 1683630283797460169

848260 Shayle the End of an Era (level 27, -33/204 HPs)
             Began as a Demonspawn Warper on May 12, 2021.
             Was the Champion of Qazlal.
             Killed from afar by a Brimstone Fiend (39 damage)
             ... with damnation
             ... on level 7 of Gehenna on May 13, 2021.
             The game lasted 06:51:22 (82555 turns).

Shayle the End of an Era (Demonspawn Warper)       Turns: 82555, Time: 06:51:23

Health: -33/204    AC: 35    Str: 21    XL:     27
Magic:  0/59       EV: 26    Int: 35    God:    Qazlal [******]
Gold:   9707       SH: 18    Dex: 28    Spells: 46/61 levels left

rFire    + + +     SeeInvis .   E - +8 autumn katana {vorpal, Clar}
rCold    x . .     Faith    .   w - +2 buckler "Wiekkun" {rElec Str+3 Int+3 Dex+6}
rNeg     + + .     Spirit   +   b - +2 fire dragon scales
rPois    .         Reflect  .   B - +3 hat of Pondering {ponderous, Will+ MP+10 Int+5}
rElec    +         Harm     .   g - +1 cloak of Nanuk {rF++}
rCorr    .         Rampage  .   F - +3 pair of gauntlets of War {Slay+5}
Will     ++++.     Clarity  +   (boots unavailable)
Stlth    ..........             T - amulet "Catop" {RegenMP +Inv rN+ Int+4}
HPRegen  0.44/turn              I - ring "Zyusm" {rN+ Int+4 Slay+3}
MPRegen  0.97/turn              R - ring "Losarel" {AC+4 Dex+7}

@: studying Stealth, repel missiles, slow
A: hooves 3, thin metallic scales 3, icemail 2, magic shield, magic
regeneration, magic link, condensation shield, corrupting presence 2, word of
chaos, high mp 1, strong-willed 1, screaming 1, no potion heal 1, MP-powered
wands
}: 6/15 runes: serpentine, barnacled, slimy, silver, golden, abyssal
a: Word of Chaos, Renounce Religion, Evoke Invisibility, Upheaval, Elemental
Force, Disaster Area


You were on level 7 of Gehenna.
You worshipped Qazlal.
Qazlal was exalted by your worship.
You visited 14 branches of the dungeon, and saw 64 of its levels.
You visited the Abyss 4 times.
You visited 2 bazaars.
You also visited: Ice Cave and Desolation.

You collected 14685 gold pieces.
You spent 4978 gold pieces at shops.

Inventory:

Hand Weapons
 f - the +7 dagger of the Thieving Fulmar {freeze, rC+ Dex-3 SInv}
   (You found it on level 4 of the Dungeon)

   It has been specially enchanted to freeze those struck by it, causing extra
   injury to most foes and up to half again as much damage against particularly
   susceptible opponents.
   It can also slow down cold-blooded creatures.
   It affects your dexterity (-3).
   It protects you from cold.
   It lets you see invisible.
 E - the +8 autumn katana (weapon) {vorpal, Clar}
   (You acquired it on level 2 of the Shoals)

   It inflicts extra damage upon your enemies.
   It protects you against confusion.
Missiles
 r - 37 silver javelins (quivered)
Armour
 b - +2 fire dragon scales (worn)
 g - the +1 cloak of Nanuk (worn) {rF++}
   (You bought it in a shop on level 1 of the Depths)

   It greatly protects you from fire.
 k - the +3 warlock's mirror {reflect}
   (You took it off a vault sentinel on level 5 of the Vaults)
 w - the +2 buckler "Wiekkun" (worn) {rElec Str+3 Int+3 Dex+6}
   (You acquired it on level 4 of the Shoals)

   It affects your strength (+3).
   It affects your intelligence (+3).
   It affects your dexterity (+6).
   It insulates you from electricity.
 B - the +3 hat of Pondering (worn) {ponderous, Will+ MP+10 Int+5}
   (You took it off Gastronok on level 9 of the Dungeon)

   It affects your intelligence (+5).
   It affects your magic capacity (+10).
   It increases your willpower.
 F - the +3 pair of gauntlets of War (worn) {Slay+5}
   (You found it on level 2 of the Depths)

   It affects your accuracy and damage with ranged weapons and melee attacks
   (+5).
Jewellery
 p - an amulet of faith
 I - the ring "Zyusm" (left hand) {rN+ Int+4 Slay+3}
   (You found it on level 3 of the Crypt)

   [ring of positive energy]

   It affects your intelligence (+4).
   It affects your accuracy and damage with ranged weapons and melee attacks
   (+3).
   It protects you from negative energy.
 R - the ring "Losarel" (right hand) {AC+4 Dex+7}
   (You found it on level 6 of the Lair of Beasts)

   [ring of protection]

   It affects your AC (+4).
   It affects your dexterity (+7).
 T - the amulet "Catop" (around neck) {RegenMP +Inv rN+ Int+4}
   (You acquired it on level 5 of the Depths)

   [amulet of magic regeneration]

   It increases your rate of magic regeneration.
   It affects your intelligence (+4).
   It protects you from negative energy.
   It lets you turn invisible.
Wands
 a - a wand of paralysis (57)
 x - a wand of flame (145)
 y - a wand of digging (32)
 N - a wand of mindburst (54)
 O - a wand of iceblast (22)
 W - a wand of acid (7)
Scrolls
 h - 2 scrolls of summoning
 j - a scroll of magic mapping
 m - 20 scrolls of teleportation
 n - 3 scrolls of torment
 t - 2 scrolls of holy word
 z - 45 scrolls of identify
 C - 9 scrolls of fog
 D - a scroll of amnesia
 K - 2 scrolls of enchant weapon
 L - 9 scrolls of fear
 U - 7 scrolls of silence
 Z - 7 scrolls of immolation
Potions
 c - 11 potions of lignification
 e - 3 potions of flight
 i - 3 potions of berserk rage
 o - 5 potions of might
 q - 5 potions of magic
 v - 10 potions of curing
 A - 3 potions of invisibility
 G - 3 potions of cancellation
 H - 2 potions of resistance
 J - 15 potions of haste
 M - 5 potions of brilliance
 Q - 5 potions of mutation
Miscellaneous
 d - a condenser vane
 l - the horn of Geryon


   Skills:
 - Level 14.2 Fighting
 - Level 13.0 Long Blades
 - Level 0.8 Throwing
 + Level 18.2 Armour
 + Level 17.8 Dodging
 - Level 7.0 Shields
 + Level 17.6 Spellcasting
 - Level 2.6 Translocations
 - Level 13.6 Transmutations
 O Level 27 Earth Magic
 O Level 27 Invocations
 - Level 8.3 Evocations


You had 46 spell levels left.
You knew the following spells:

 Your Spells              Type           Power      Damage    Failure   Level
a - Statue Form           Tmut/Erth      71%        N/A       1%          6
b - Shatter               Erth           60%        3d45*     3%          9

Your spell library contained the following spells:

 Spells                   Type           Power      Damage    Failure   Level
 Sandblast                Erth           100%       2d20      0%          1
 Passwall                 Tmut/Erth      89%        N/A       0%          2
 Wereblood                Tmut           91%        N/A       0%          2
 Petrify                  Tmut/Erth      100%       N/A       0%          4
 Lee's Rapid Deconstruct  Erth           60%        3d29*     0%          5
 Apportation              Tloc           98%        N/A       1%          1
 Blink                    Tloc           N/A        N/A       1%          2
 Ignite Poison            Fire/Tmut/Pois 58%        N/A       1%          3
 Spider Form              Tmut/Pois      34%        N/A       1%          3
 Stone Arrow              Conj/Erth      100%       3d13      1%          3
 Animate Armour           Summ/Erth      100%       N/A       1%          4
 Ice Form                 Ice/Tmut       68%        N/A       1%          4
 Leda's Liquefaction      Hex/Erth       45%        N/A       1%          4
 Bolt of Magma            Conj/Fire/Erth 38%        4d16      1%          5
 Borgnjor's Vile Clutch   Necr/Erth      45%        N/A       1%          5
 Blade Hands              Tmut           45%        N/A       1%          6
 Iron Shot                Conj/Erth      45%        9d9       1%          6
 Corona                   Hex            33%        N/A       2%          1
 Foxfire                  Conj/Fire      100%       2x1d9     2%          1
 Freeze                   Ice            100%       1d11      2%          1
 Magic Dart               Conj           100%       1d8       2%          1
 Shock                    Conj/Air       100%       1d9       2%          1
 Summon Small Mammal      Summ           100%       N/A       2%          1
 Gell's Gravitas          Tloc           24%        N/A       2%          3
 Lesser Beckoning         Tloc           24%        N/A       2%          3
 Teleport Other           Tloc           49%        N/A       2%          3
 Call Imp                 Summ           30%        N/A       3%          2
 Corpse Rot               Necr/Air       N/A        N/A       3%          2
 Ensorcelled Hibernation  Hex/Ice        60%        N/A       3%          2
 Poisonous Vapours        Pois/Air       60%        N/A       3%          2
 Searing Ray              Conj           60%        3d5       3%          2
 Static Discharge         Conj/Air       30%        N/A       3%          2
 Sublimation of Blood     Necr           15%        N/A       3%          2
 Portal Projectile        Hex/Tloc       80%        N/A       4%          3
 Alistair's Intoxication  Tmut/Pois      45%        N/A       4%          5
 Irradiate                Conj/Tmut      34%        3d25      4%          5
 Yara's Violent Unravell  Hex/Tmut       34%        3d14      4%          5
 Call Canine Familiar     Summ           30%        N/A       8%          3
 Confusing Touch          Hex            30%        N/A       8%          3
 Conjure Flame            Conj/Fire      30%        6-21      8%          3
 Dazzling Flash           Conj/Hex       60%        N/A       8%          3
 Frozen Ramparts          Ice            60%        1d8       8%          3
 Inner Flame              Hex/Fire       30%        N/A       8%          3
 Mephitic Cloud           Conj/Pois/Air  30%        N/A       8%          3
 Ozocubu's Armour         Ice            30%        N/A       8%          3
 Summon Guardian Golem    Hex/Summ       30%        N/A       8%          3
 Tukima's Dance           Hex            30%        N/A       8%          3
 Passage of Golubria      Tloc           N/A        N/A       8%          4
 Dragon Form              Tmut           45%        N/A       8%          7
 Iskenderun's Mystic Bla  Conj/Tloc      40%        2d9       14%         4
 Manifold Assault         Tloc           49%        N/A       22%         5
 Cause Fear               Hex            15%        N/A       24%         4
 Dispel Undead            Necr           30%        3d14      24%         4
 Fulminant Prism          Conj/Hex       15%        3d11      24%         4
 Hailstorm                Conj/Ice       30%        3d8       24%         4
 Sticky Flame             Conj/Fire      30%        2d5       24%         4
 Summon Ice Beast         Ice/Summ       30%        N/A       24%         4
 Summon Lightning Spire   Summ/Air       30%        N/A       24%         4
 Summon Forest            Summ/Tloc      20%        N/A       36%         5
 Agony                    Necr           30%        N/A       56%         5
 Excruciating Wounds      Necr           15%        N/A       56%         5
 Fireball                 Conj/Fire      15%        3d8       56%         5
 Iskenderun's Battlesphe  Conj           30%        2d8       56%         5
 Lightning Bolt           Conj/Air       15%        1d29      56%         5
 Metabolic Englaciation   Hex/Ice        15%        N/A       56%         5
 Silence                  Hex/Air        15%        N/A       56%         5
 Summon Mana Viper        Hex/Summ       30%        N/A       56%         5
 Dispersal                Tloc           24%        N/A       77%         6
 Conjure Ball Lightning   Conj/Air       15%        3x3d6     98%         6
 Freezing Cloud           Conj/Ice/Air   15%        6-21      98%         6
 Invisibility             Hex            30%        N/A       98%         6
 Shadow Creatures         Summ           N/A        N/A       98%         6
 Starburst                Conj/Fire      15%        8x6d6     98%         6
 Haunt                    Necr/Summ      15%        N/A       100%        7
 Malign Gateway           Summ/Tloc      20%        N/A       100%        7
 Monstrous Menagerie      Summ           15%        N/A       100%        7
 Orb of Destruction       Conj           15%        9d7       100%        7
 Spellforged Servitor     Conj/Summ      15%        N/A       100%        7
 Summon Hydra             Summ           15%        N/A       100%        7
 Borgnjor's Revivificati  Necr           15%        N/A       100%        8
 Discord                  Hex            15%        N/A       100%        8
 Disjunction              Tloc           24%        N/A       100%        8
 Ignition                 Fire           15%        3d6       100%        8
 Infestation              Necr           15%        N/A       100%        8
 Necromutation            Tmut/Necr      34%        N/A       100%        8
 Summon Horrible Things   Summ           15%        N/A       100%        8
 Death's Door             Necr           15%        N/A       100%        9
 Dragon's Call            Summ           15%        N/A       100%        9
 Tornado                  Air            15%        N/A       100%        9


Dungeon Overview and Level Annotations

Branches:
Dungeon (15/15)            Temple (1/1) D:4            Lair (6/6) D:10
 Shoals (4/4) Lair:4        Snake (4/4) Lair:4        Slime (5/5) Lair:6
    Orc (2/2) D:11            Elf (3/3) Orc:2        Vaults (5/5) D:13
  Crypt (3/3) Vaults:2       Tomb (3/3) Crypt:3      Depths (5/5) D:15
   Hell (visited)             Dis (0/7) Hell            Geh (7/7) Hell
    Coc (0/7) Hell            Tar (0/7) Hell            Zot (0/5) Depths:5
  IceCv (visited)         Desolation (visited)

Altars:
Ashenzari
Cheibriados
Dithmenos
Elyvilon
Fedhas
Gozag
Hepliaklqana
Kikubaaqudgha
Makhleb
Nemelex Xobeh
Okawaru
Qazlal
Ru
Sif Muna
Trog
Uskayaw
Vehumet
Wu Jian
Xom
Yredelemnul
Zin
The Shining One
Beogh
Jiyva

Shops:
D:4 =   D:5 ?   D:6 *   D:13 (:[?   D:14 !*   Orc:1 (   Orc:2 ([[=   Elf:3 :
Shoals:4 (   Snake:2 *   Snake:3 :=:   Snake:4 ?[(   Vaults:3 ?   Depths:1 [
Depths:2 ==

Portals:
Hell: Depths:1 Depths:2 Depths:3 Depths:4 Depths:5
Abyss: Depths:2
Pandemonium: Depths:3
Ziggurat: Geh:7 Depths:1

Annotations:
D:9 exclusion: obsidian statue
D:13 8 runed translucent doors
Shoals:2 2 transporters, Lianjan's ghost, adept MiGl
Vaults:1 3 runed translucent doors, exclusion: obsidian statue, dolemite99's ghost, adept HOFi
Crypt:2 9 runed translucent doors
Hell exclusion: ice statue


Innate Abilities, Weirdness & Mutations

You have hooves in place of feet.
You are completely covered in thin metallic scales. (AC +4, rElec)
A meltable icy envelope protects you from harm. (AC +0)
When hurt, damage is shared between your health and your magic reserves.
You regenerate magic rapidly.
When low on magic, you restore magic in place of health.
A meltable shield of frost defends you. (SH +0)
Your presence sometimes corrodes or deforms those you injure.
You can speak a Word of Chaos.
You have an increased reservoir of magic. (+10% MP)
You are strong-willed. (Will+)
You occasionally shout uncontrollably at your foes.
Potions are less effective at restoring your health.
You expend magic power (3 MP) to strengthen your wands.


Message History

Qazlal accepts your kill. The hellion gestures at you.
The sphere of damnation explodes!
The damnation engulfs you!!
* * * LOW HITPOINT WARNING * * *
Unknown command.
Your system partially rejects the healing.
You feel much better.
A Brimstone Fiend comes into view.
Unknown command.
Aiming: Upheaval
Press: ? - help, Dir - move target A blizzard blasts the area with ice!
The blast of ice hits the sun demon!!!
The sun demon is frozen!
You kill the sun demon!
Qazlal accepts your kill.
The blast of ice hits the Brimstone Fiend!!
The Brimstone Fiend is frozen!
The Brimstone Fiend is moderately wounded.
The Brimstone Fiend is flash-frozen.
The Brimstone Fiend gestures at you.
The sphere of damnation explodes!
The damnation engulfs you!!!
* * * LOW HITPOINT WARNING * * *
A reaper comes into view. It is wielding a +0 vorpal scythe.
Unknown command.
Okay, then.
Okay, then.
Unknown command.
Okay, then.
Okay, then.
You set the figurine down, and a mystic portal to a ziggurat forms.
The Brimstone Fiend is no longer encased in ice.
The hellion gestures at you.
The sphere of damnation explodes!
The damnation engulfs you.
* * * LOW HITPOINT WARNING * * *
The damnation engulfs the Brimstone Fiend.
The Brimstone Fiend completely resists.
A sun demon comes into view.
The Brimstone Fiend gestures at you.
The sphere of damnation explodes!
The damnation engulfs you!!!
You die...

#.........§≈≈≈##
#.........§§§## ..
#........§§§## ...
####.........§§##
...##...........§§§##
§..................§§##
≈.≈............3§☼.≈§§##
≈§..........####1..§.§##
§§§.........# #@.○.§§##
§§§≈...#...## #.§○..≈##
§§≈.........###2°°☼.≈≈##
≈§§≈...............≈.≈##
≈§§...............§.§§##
≈≈≈≈.9......2......§≈≈##
§≈§≈≈...............≈≈##
≈≈≈≈§.##.............§##
.......##.........


You could see a Brimstone Fiend, a reaper, a sun demon (frozen) and a hellion.

Vanquished Creatures
  the Royal Jelly (Slime:5)
  2 dread liches (Vaults:5)
  Mara (Crypt:2)
  5 ancient liches
  30 royal mummies
  Boris (Tomb:1)
  Sojobo (Crypt:2)
  Bai Suzhen (Shoals:3)
  Frederick (Crypt:1)
  Saint Roka (Vaults:1)
  Geryon (Hell)
  Nikola (Vaults:1)
  4 golden dragons
  A profane servitor (Crypt:3)
  2 bone dragons
  22 Brimstone Fiends
  2 tentacled monstrosities
  Rupert (Snake:1)
  2 deep elf blademasters (Elf:2)
  A hellephant (Abyss:3)
  2 deep elf master archers (Elf:2)
  4 titans
  15 liches
  5 quicksilver dragons
  Polyphemus (Shoals:3)
  An Executioner (Abyss:1)
  8 tentacled starspawn
  8 ancient champions
  Gastronok (D:9)
  16 sphinxes
  22 acid blobs
  10 tengu reavers
  A thorn hunter (Abyss:3)
  4 nagarajas
  4 shadow dragons
  5 revenants
  Donald (Orc:2)
  7 rockslimes
  17 azure jellies
  7 iron dragons
  10 fire giants
  A draconian knight (Depths:5)
  6 deep elf sorcerers
  20 vault wardens
  Louise (Depths:2)
  Aizul (Shoals:4)
  5 imperial myrmidons (Desolation)
  4 draconian stormcallers (Depths:5)
  A ghost moth (Abyss:3)
  2 orc warlords
  3 curse skulls
  A cacodemon (Abyss:1)
  A ghost moth (shapeshifter) (Depths:4)
  6 frost giants
  6 ghouls
  11 balrugs
  10 quicksilver oozes
  4 war gargoyles
  3 deep elf elementalists
  18 reapers
  15 very ugly things
  13 stone giants
  17 ironbound preservers
  11 vampire knights
  10 deep elf demonologists
  A black draconian (Depths:5)
  9 deep elf annihilators
  A green draconian (Depths:5)
  9 spark wasps
  A yellow draconian (Depths:5)
  A halazid warlock (Desolation)
  11 bennus
  3 entropy weavers
  7 dire elephants
  5 eidola
  9 deep elf death magi
  21 ettins
  6 blizzard demons
  7 merfolk javelineers (Shoals:4)
  23 jiangshi
  2 fire dragons
  A crystal guardian (Desolation)
  18 mummy priests
  7 deep elf high priests
  5 merfolk impalers (Shoals:4)
  11 yaktaur captains
  Josephine (D:11)
  6 ragged hierophants (Desolation)
  11 naga warriors
  2 quicksilver dragon skeletons
  4 quicksilver dragon zombies
  5 salamander tyrants (Snake:4)
  7 great orbs of eyes
  5 ice dragons
  2 hell beasts (Depths:1)
  2 ogre magi
  10 peacekeepers
  3 servants of whispers (Desolation)
  6 rakshasas
  12 boulder beetles
  7 ironbound thunderhulks
  35 vault guards
  6 hydras
  3 spriggan air magi
  26 centaur warriors
  8 ironbound frosthearts
  5 catoblepae
  6 death knights
  7 two-headed ogres
  A merfolk avatar (Shoals:4)
  2 satyrs
  2 deep troll earth magi
  8 merfolk aquamancers
  18 anacondas
  19 dancing weapons
  39 death scarabs
  14 death yaks
  7 deep troll shamans
  7 thrashing horrors
  7 ironbound beastmasters
  6 tengu warriors
  Urug (D:12)
  6 naga sharpshooters
  44 hell hogs
  4 vampire magi
  4 titan zombies
  4 spriggan berserkers
  66 hell knights
  7 soul eaters
  7 orc high priests
  3 storm dragon zombies
  Nergalle (Lair:1)
  Sonja (Orc:2)
  13 deep elf knights
  11 shock serpents
  8 iron trolls
  4 shadow wraiths
  15 sun demons
  3 wretched stars
  45 skeletal warriors
  5 anaconda zombies
  4 iron golems
  2 storm dragon skeletons
  6 titan skeletons
  9 sea snakes
  18 flayed ghosts
  4 sixfirhies (Abyss:1)
  A ghost moth zombie (Geh:3)
  A glowing orange brain (shapeshifter) (Vaults:5)
  8 salamander mystics
  A shadow demon (Depths:3)
  10 large abominations
  9 naga ritualists
  5 golden dragon zombies
  14 wizards
  7 glowing orange brains
  26 ironbound convokers
  A spark wasp zombie (Depths:2)
  47 deep trolls
  6 deep elf archers
  3 golden dragon skeletons
  4 tengu zombies
  Pikel (D:7)
  30 deep elf pyromancers
  12 anaconda skeletons
  28 necromancers
  2 bog bodies
  15 orc knights
  15 mana vipers
  56 ugly things
  9 lindwurms
  4 shadow dragon zombies
  3 wolf spider zombies
  17 phantasmal warriors
  15 harpies
  5 iron dragon zombies
  3 shining eyes
  An orb spider (Abyss:1)
  25 deep elf zephyrmancers
  3 human zombies
  5 stone giant zombies
  6 shadow dragon skeletons
  5 frost giant zombies
  11 manticores
  2 orc sorcerers
  9 cyclopes
  5 fire giant zombies
  2 oklob plants (Lair:2)
  20 salamanders
  A sphinx skeleton (Depths:2)
  2 worldbinders
  3 fauns (Shoals:1)
  7 iron dragon skeletons
  6 stone giant skeletons
  2 eleionoma skeletons
  9 frost giant skeletons
  3 elephants (Lair:6)
  An apocalypse crab (Abyss:3)
  2 shock serpent zombies
  8 dire elephant zombies
  An eye of devastation (shapeshifter) (Abyss:1)
  36 black mambas
  6 water nymphs
  13 molten gargoyles
  21 vault sentinels
  3 ice statues
  2 shock serpent skeletons
  11 guardian serpents
  8 naga magi
  2 torpor snails
  10 merfolk sirens
  11 rust devils
  9 cane toads
  4 orange demons
  2 eyes of devastation
  An unseen horror (D:9)
  8 fire giant skeletons
  A gargoyle (D:13)
  3 dire elephant skeletons
  14 smoke demons
  An elf zombie (Depths:2)
  An emperor scorpion zombie (Geh:2)
  A sea snake zombie (Hell)
  A catoblepas zombie (Hell)
  21 hellions
  2 rime drakes
  11 komodo dragons
  9 efreet
  6 freezing wraiths
  7 tengu conjurers
  An anaconda simulacrum (Crypt:2)
  20 yaktaurs
  A catoblepas skeleton (Geh:3)
  45 guardian mummies
  4 hydra zombies
  3 demonic crawlers
  20 ice devils
  29 red devils
  A hellwing (Depths:3)
  4 ancient zymes
  3 harpy zombies
  A meliai (D:6)
  An elf skeleton (Vaults:1)
  10 tormentors
  A troll (shapeshifter) (Elf:3)
  4 hornets
  A jumping spider (Vaults:2)
  A tyrant leech (shapeshifter) (Depths:5)
  A shadow dragon simulacrum (Crypt:3)
  2 polar bears
  A polar bear (shapeshifter) (D:12)
  3 trolls
  6 wind drakes
  24 merfolk
  A hornet (shapeshifter) (D:6)
  A queen bee (shapeshifter) (Vaults:1)
  A wind drake (shapeshifter) (D:13)
  131 slime creatures
  A meliai (shapeshifter) (Vaults:5)
  10 ettin zombies
  3 hydra skeletons
  An iron dragon simulacrum (Crypt:3)
  3 raiju (Abyss:1)
  36 saltlings (Desolation)
  17 dream sheep
  7 blink frogs
  2 alligator zombies
  A spriggan zombie (Depths:2)
  A stone giant simulacrum (Crypt:3)
  14 snapping turtles
  A fire dragon zombie (Geh:2)
  3 ice dragon skeletons
  4 black mamba zombies
  18 water elementals
  3 fire dragon skeletons
  120 flying skulls
  22 shadows
  16 ushabtiu
  4 redbacks
  3 vampires (D:13)
  4 air elementals
  43 wraiths
  11 wyverns
  7 ettin skeletons
  4 spriggans
  A tarantella (shapeshifter) (D:13)
  5 ynoxinuls
  A human (shapeshifter) (D:10)
  33 yaks
  3 golden eyes
  An alligator skeleton (Geh:1)
  2 black mamba skeletons (Geh:3)
  8 fire bats
  4 chaos spawn (Abyss:1)
  37 fire elementals
  4 basilisks
  A steam dragon (D:10)
  2 golden eyes (shapeshifter)
  A hog (shapeshifter) (D:13)
  20 vampire mosquitoes
  Menkaure (D:4)
  3 wargs (Orc:1)
  22 nagas
  2 ogre zombies
  An acid dragon (D:9)
  2 hydra simulacra (Hell)
  10 water moccasins
  48 hell hounds
  4 merfolk skeletons
  62 orc warriors
  A cane toad skeleton (Geh:6)
  A sky beast (Abyss:3)
  3 black bears
  3 ice beasts
  7 snapping turtle zombies
  A hornet zombie (Crypt:1)
  17 necrophages
  12 centaurs
  2 swamp dragon zombies
  2 manticore zombies
  10 ogres
  3 boggarts
  A black mamba simulacrum (Hell)
  A lindwurm skeleton (Crypt:1)
  16 wolves
  A swamp dragon skeleton (Geh:6)
  8 phantoms
  4 snapping turtle skeletons
  2 manticore skeletons
  7 small abominations
  A kobold brigand (D:9)
  A fire crab zombie (Crypt:2)
  Blork the orc (D:4)
  10 bullfrogs
  5 gnoll sergeants
  11 earth elementals
  A salamander skeleton (Crypt:2)
  A water moccasin zombie (D:5)
  2 wyvern skeletons
  A draconian skeleton (Crypt:1)
  A snapping turtle simulacrum (Crypt:1)
  4 killer bees (D:8)
  A human simulacrum (Vaults:4)
  95 wights
  An electric eel (Lair:4)
  5 howler monkeys
  27 starcursed masses
  9 crimson imps
  2 centaur zombies
  A quasit (Abyss:1)
  A bullfrog zombie (D:5)
  A bullfrog skeleton (D:6)
  4 centaur skeletons
  2 gnoll shamans
  35 orc priests
  3 iron imps (Abyss:1)
  5 jellies
  A human skeleton (Abyss:1)
  3 iguanas (D:6)
  18 orc wizards
  2 scorpion zombies (D:5)
  2 killer bee zombies
  A sky beast zombie (Crypt:1)
  A naga zombie (Geh:7)
  2 tengu skeletons
  2 felid skeletons
  An ogre skeleton (Geh:3)
  A hound zombie (D:5)
  36 mummies
  A howler monkey zombie (D:5)
  14 gnolls
  6 adders
  12 white imps
  6 ufetubi (IceCv)
  An adder zombie (D:5)
  A barachi skeleton (Crypt:2)
  4 dart slugs
  101 orcs
  5 ball pythons
  3 bats
  10 giant cockroaches (D:2)
  4 goblins
  7 hobgoblins
  2 jackals (D:1)
  11 kobolds
  4 quokkas
  A dart slug zombie (Crypt:1)
  A frilled lizard (D:2)
  A kobold zombie (Geh:5)
  A quokka skeleton (Crypt:2)
  4 rats (D:1)
  A lurking horror (Abyss:3)
  3 starspawn tentacles (Abyss:1)
3449 creatures vanquished.

Vanquished Creatures (collateral kills)
  Snorg (Lair:5)
  A crystal guardian (Vaults:2)
  A yaktaur captain (Vaults:2)
  3 ragged hierophants (Desolation)
  A merfolk impaler (Shoals:4)
  A hydra (Lair:5)
  An ironbound thunderhulk (Vaults:2)
  An anaconda (Snake:4)
  A merfolk avatar (Shoals:4)
  2 sea snakes
  An ironbound convoker (Vaults:2)
  A harpy (Shoals:4)
  A wizard (Vaults:2)
  A slime creature (D:12)
  2 ugly things
  2 cyclopes
  A guardian serpent (Desolation)
  A water nymph (Shoals:4)
  A komodo dragon (D:13)
  A troll (D:12)
  3 saltlings (Desolation)
  A blink frog (Lair:6)
  2 dream sheep
  4 yaks
  A naga (Lair:4)
  2 lemures (D:7)
  2 wolves
  2 orcs
42 creatures vanquished.

Vanquished Creatures (others)
  Margery (Vaults:5)
  A black draconian (Depths:5)
  A bennu (Tomb:3)
  A dire elephant (Vaults:1)
  A hell hog (Geh:7)
  2 death scarabs (Tomb:3)
  A vampire mage (Depths:2)
  A deep elf knight (Elf:2)
  A sun demon (Depths:4)
  A skeletal warrior (Tomb:3)
  A necromancer (Crypt:1)
  2 wizards
  2 deep elf zephyrmancers (Elf:1)
  3 flying skulls (Geh:2)
  A shadow (Geh:3)
  A black mamba skeleton (Geh:2)
  A neqoxec (Abyss:1)
  A hell hound (Geh:3)
  An orc warrior (Vaults:3)
  A necrophage (Geh:1)
  5 wights
  2 mummies (Tomb:3)
  2 white imps (IceCv)
  4 ufetubi (IceCv)
  27 fungi
  53 plants
  19 starspawn tentacles
  5 withered plants
142 creatures vanquished.

Grand Total: 3633 creatures vanquished

Notes
Turn   | Place    | Note
-------+----------+-------------------------------------------
     0 | D:1      | Shayle the Demonspawn Warper began the quest for the Orb.
     0 | D:1      | Reached XP level 1. HP: 16/16 MP: 3/3
   261 | D:1      | Gained mutation: You have large cloven feet. [demonic
                  | ancestry]
   261 | D:1      | Reached XP level 2. HP: 19/22 MP: 5/5
  1031 | D:1      | Found a faded altar of an unknown god.
  1378 | D:2      | Found an iron altar of Okawaru.
  1389 | D:2      | Gained mutation: You regenerate magic rapidly. [demonic
                  | ancestry]
  1389 | D:2      | Reached XP level 3. HP: 27/27 MP: 6/6
  2138 | D:3      | Gained mutation: You are partially covered in thin metallic
                  | scales. (AC +2) [demonic ancestry]
  2138 | D:3      | Reached XP level 4. HP: 22/33 MP: 7/7
  2908 | D:4      | Noticed Menkaure
  3003 | D:4      | Found a staircase to the Ecumenical Temple.
  3006 | Temple   | Entered the Ecumenical Temple
  3282 | Temple   | Became a worshipper of Qazlal Stormbringer
  3323 | D:3      | Reached XP level 5. HP: 28/38 MP: 8/8
  3366 | D:4      | Noticed Blork the orc
  3383 | D:4      | Killed Blork the orc
  3384 | D:4      | Reached skill level 1 in Invocations
  3483 | D:4      | Reached skill level 5 in Long Blades
  3545 | D:4      | Identified the +7 dagger of the Thieving Fulmar {freeze,
                  | rC+ Dex-3 SInv}
  3560 | D:5      | Entered Level 5 of the Dungeon
  3595 | D:4      | Gained mutation: A meltable shield of frost defends you.
                  | (SH +0) [demonic ancestry]
  3595 | D:4      | Reached XP level 6. HP: 21/46 MP: 9/9
  3711 | D:4      | Killed Menkaure
  3712 | D:4      | Found a blossoming altar of Fedhas.
  3716 | D:4      | Found a basalt altar of Yredelemnul.
  4340 | D:4      | Found Xuises's Jewellery Emporium.
  4890 | D:5      | Gained mutation: You have hoof-like feet. [demonic
                  | ancestry]
  4890 | D:5      | Reached XP level 7. HP: 50/53 MP: 10/10
  5102 | D:5      | Reached * piety under Qazlal
  5210 | D:5      | Reached skill level 5 in Invocations
  5272 | D:5      | Found Suanoh's Magic Scroll Shoppe.
  5594 | D:6      | Reached XP level 8. HP: 48/61 MP: 12/12
  5639 | D:6      | Reached skill level 5 in Fighting
  6094 | D:6      | Found Tamihedi's Blasphemy Boutique.
  6739 | D:6      | Noticed a cyclops
  6756 | D:7      | Reached XP level 9. HP: 61/64 MP: 13/15
  6761 | D:7      | Reached ** piety under Qazlal
  6775 | D:7      | Killed a cyclops
  6851 | D:6      | Noticed a meliai
  6855 | D:6      | Killed a meliai
  6865 | D:6      | Noticed a cane toad
  6868 | D:6      | Noticed a rakshasa
  6871 | D:6      | Noticed a rime drake
  6871 | D:6      | a cane toad changed into a rime drake
  7089 | D:7      | Noticed Pikel
  7105 | D:7      | Killed Pikel
  7106 | D:7      | Reached skill level 10 in Invocations
  7241 | D:6      | Gained mutation: A meltable icy envelope protects you from
                  | harm. (AC +0) [demonic ancestry]
  7241 | D:6      | Reached XP level 10. HP: 80/80 MP: 17/17
  7268 | D:6      | Noticed a two-headed ogre
  7291 | D:7      | Killed a two-headed ogre
  7488 | D:6      | Killed a rakshasa
  7499 | D:6      | Paralysed by a hornet for 3 turns
  7718 | D:5      | Bought a scroll of acquirement for 572 gold pieces
  7718 | D:5      | Acquired 1001 gold pieces
  7791 | D:6      | Bought the +9 sword of Zonguldrok {reap} for 880 gold
                  | pieces
  7791 | D:6      | Found the +9 sword of Zonguldrok {reap}
  8015 | D:7      | Found a sparkling altar of Nemelex Xobeh.
  8243 | D:8      | Reached skill level 1 in Armour
  8856 | D:8      | Reached skill level 1 in Shields
  9258 | D:9      | Noticed Gastronok
  9273 | D:9      | Killed Gastronok
  9274 | D:9      | Reached XP level 11. HP: 52/89 MP: 19/19
  9700 | D:9      | Acquired 1153 gold pieces
  9778 | D:9      | Noticed an obsidian statue
 10024 | D:10     | Entered Level 10 of the Dungeon
 10057 | D:10     | Noticed a centaur warrior
 10123 | D:11     | Noticed an orc knight
 10149 | D:11     | Reached skill level 10 in Long Blades
 10164 | D:10     | Found a snail-covered altar of Cheibriados.
 10166 | D:10     | Reached *** piety under Qazlal
 10359 | D:10     | Found a staircase to the Lair.
 10488 | D:10     | Noticed a centaur warrior
 10493 | D:10     | Noticed a skeletal warrior
 10497 | D:10     | Killed a centaur warrior
 10498 | D:10     | Reached skill level 10 in Fighting
 10506 | D:10     | Killed a skeletal warrior
 10670 | D:10     | Noticed an ogre mage
 10686 | D:10     | Killed an ogre mage
 10736 | D:10     | Killed a centaur warrior
 10795 | D:10     | Noticed a deep elf pyromancer
 10900 | Lair:1   | Entered Level 1 of the Lair of Beasts
 10906 | Lair:1   | Noticed a four-headed hydra
 10923 | Lair:1   | Killed a four-headed hydra
 10924 | Lair:1   | Reached XP level 12. HP: 77/98 MP: 21/21
 11144 | Lair:1   | Noticed Nergalle
 11153 | Lair:1   | Killed Nergalle
 11304 | Lair:1   | Reached skill level 5 in Armour
 11694 | Lair:2   | Noticed a four-headed hydra
 11742 | Lair:2   | Killed a four-headed hydra
 11835 | Lair:2   | Reached skill level 5 in Shields
 12618 | Lair:3   | Reached **** piety under Qazlal
 13367 | Lair:4   | Found a staircase to the Snake Pit.
 13388 | Lair:4   | Noticed a boulder beetle
 13524 | Lair:4   | Killed a boulder beetle
 13585 | Lair:4   | Noticed a six-headed hydra
 13593 | Lair:4   | Killed a six-headed hydra
 13685 | Lair:4   | Found a staircase to the Shoals.
 14181 | Lair:5   | Noticed Snorg
 14195 | Lair:5   | Killed Snorg
 14264 | Lair:5   | Reached XP level 13. HP: 106/106 MP: 23/23
 15215 | Lair:6   | Entered Level 6 of the Lair of Beasts
 15799 | Lair:6   | Identified the ring "Losarel" {AC+4 Dex+7}
 15852 | Lair:6   | Found a viscous altar of Jiyva.
 15852 | Lair:6   | Found a staircase to the Slime Pits.
 16050 | Lair:6   | Reached skill level 15 in Invocations
 16088 | Lair:6   | Identified Uxzol's Incunabulum of Ashen Cold
 16558 | D:10     | Reached XP level 14. HP: 108/115 MP: 25/25
 16851 | D:11     | Found a staircase to the Orcish Mines.
 17029 | D:11     | Noticed Josephine
 17039 | D:11     | Killed Josephine
 17858 | D:12     | Noticed Urug
 17868 | D:12     | Killed Urug
 18445 | Lair:2   | Identified the +8 fustibalus of the Extremely Mad {freeze,
                  | Str+6}
 18492 | Lair:1   | Acquired a +0 cloak of poison resistance
 18573 | Shoals:1 | Entered Level 1 of the Shoals
 19016 | Shoals:1 | Reached ***** piety under Qazlal
 19217 | Shoals:2 | Found a transporter.
 19322 | Shoals:2 | Found a frozen archway.
 19340 | IceCv    | Entered an ice cave
 19618 | IceCv    | Identified the +3 lajatang "Eviscerator" {venom, rPois rF-
                  | SInv}
 19827 | Shoals:2 | Noticed Lianjan's ghost (adept MiGl)
 19878 | Shoals:2 | Reached XP level 15. HP: 63/124 MP: 27/27
 19986 | Shoals:2 | Found a transporter.
 20229 | Shoals:2 | Acquired the +8 autumn katana {vorpal, Clar}
 20230 | Shoals:2 | Found the +8 autumn katana {vorpal, Clar}
 20335 | Shoals:3 | Noticed Polyphemus
 20565 | Shoals:3 | Killed Polyphemus
 20566 | Shoals:3 | Reached skill level 10 in Armour
 21294 | Shoals:4 | Entered Level 4 of the Shoals
 21311 | Shoals:4 | Noticed Bai Suzhen
 21652 | Shoals:4 | Found Fefokoxe's Weapon Shoppe.
 21698 | Shoals:4 | Identified the +3 trident "Itaskig" {elec, Str+9 Int-4
                  | SInv}
 21723 | Shoals:4 | Noticed Aizul
 21736 | Shoals:4 | Killed Aizul
 21844 | Shoals:3 | Killed Bai Suzhen
 21911 | Shoals:4 | Reached skill level 5 in Dodging
 21911 | Shoals:4 | Reached skill level 5 in Spellcasting
 22071 | Shoals:4 | Acquired the +2 buckler "Wiekkun" {rElec Str+3 Int+3 Dex+6}
 22749 | Shoals:4 | Learned a level 6 spell: Statue Form
 22786 | Shoals:4 | Reached skill level 1 in Evocations
 22859 | Shoals:4 | Reached skill level 1 in Transmutations
 22859 | Shoals:4 | Reached skill level 1 in Earth Magic
 22874 | Shoals:4 | Gained mutation: A meltable icy envelope protects you from
                  | harm. (AC +0) [demonic ancestry]
 22874 | Shoals:4 | Reached XP level 16. HP: 111/133 MP: 28/28
 23089 | Shoals:4 | Got a barnacled rune of Zot
 24805 | Snake:1  | Entered Level 1 of the Snake Pit
 24816 | Snake:1  | Found a flickering gateway to a bazaar.
 24821 | Bazaar   | Entered a bazaar
 24835 | Bazaar   | Found Guroov's Armour Shoppe.
 24835 | Bazaar   | Found Cut Ympe's Antique Weapon Emporium.
 24856 | Bazaar   | Found Dity's Assorted Antiques.
 24856 | Bazaar   | Found Jugoneos's Magic Scroll Emporium.
 24924 | Bazaar   | Bought a scroll labelled AGORPH VUAKOIZ for 15 gold pieces
 24924 | Bazaar   | Bought a scroll of fear for 52 gold pieces
 24924 | Bazaar   | Bought a scroll of teleportation for 45 gold pieces
 24930 | Bazaar   | Bought a scroll of immolation for 21 gold pieces
 24930 | Bazaar   | Bought a scroll of enchant weapon for 45 gold pieces
 24930 | Bazaar   | Bought a scroll of fear for 21 gold pieces
 24970 | Bazaar   | Bought runed fire dragon scales for 945 gold pieces
 25450 | Snake:1  | Noticed Rupert
 25459 | Snake:1  | Killed Rupert
 26647 | Snake:2  | Found Wushryn's Assorted Antiques.
 26846 | Snake:2  | Reached skill level 5 in Evocations
 27494 | Snake:3  | Found Niczim's Book Shop.
 27500 | Snake:3  | Found Anutwej's Jewellery Shoppe.
 27507 | Snake:3  | Found Zarghiedgh's Book Shop.
 27617 | Snake:3  | Reached skill level 5 in Transmutations
 27617 | Snake:3  | Reached skill level 5 in Earth Magic
 27636 | Snake:3  | Reached XP level 17. HP: 128/139 MP: 29/29
 28263 | Snake:4  | Entered Level 4 of the Snake Pit
 28402 | Snake:4  | Identified the +2 robe of Serendipity {Str+2}
 28422 | Snake:4  | Found Kedum's Weapon Shop.
 28425 | Snake:4  | Found Xuoli's Antique Armour Shop.
 28478 | Snake:4  | Found Wommuw Imp's Magic Scroll Boutique.
 28487 | Snake:4  | Bought a scroll of teleportation for 45 gold pieces
 28487 | Snake:4  | Bought a scroll of teleportation for 45 gold pieces
 28487 | Snake:4  | Bought a scroll of teleportation for 45 gold pieces
 29855 | Snake:4  | Got a serpentine rune of Zot
 30287 | Orc:1    | Entered Level 1 of the Orcish Mines
 30515 | Orc:1    | Gained mutation: You are mostly covered in thin metallic
                  | scales. (AC +3) [demonic ancestry]
 30515 | Orc:1    | Reached XP level 18. HP: 146/146 MP: 31/31
 30578 | Orc:1    | Found Yliuhudd's Weapon Shoppe.
 30673 | Orc:2    | Entered Level 2 of the Orcish Mines
 30815 | Orc:2    | Found a staircase to the Elven Halls.
 31221 | Orc:2    | Noticed Sonja
 31236 | Orc:2    | Killed Sonja
 31313 | Orc:2    | Found Cicoizaijo's Weapon Emporium.
 31313 | Orc:2    | Found Etyacah's Antique Armour Emporium.
 31314 | Orc:2    | Found Zaugys Coch's Antique Armour Shoppe.
 31314 | Orc:2    | Found Tinoffarph's Jewellery Emporium.
 31406 | Orc:2    | Noticed Donald
 31420 | Orc:2    | Killed Donald
 32763 | D:13     | Found Pitev's Antique Weapon Shop.
 32906 | D:13     | Found a large runed translucent door.
 32909 | D:13     | Found a large runed translucent door.
 32910 | D:13     | Found a large runed translucent door.
 32911 | D:13     | Found a large runed translucent door.
 33110 | D:13     | Found Buopset's Antique Armour Boutique.
 33172 | D:13     | Found Zitronn's Magic Scroll Boutique.
 33208 | D:13     | Found a gate to the Vaults.
 33273 | D:13     | Found a large runed translucent door.
 33277 | D:13     | Found a large runed translucent door.
 33278 | D:13     | Found a large runed translucent door.
 33358 | D:13     | Found a large runed translucent door.
 33414 | D:13     | Found Nigel's Book Shop.
 33725 | D:13     | Reached skill level 10 in Dodging
 33762 | D:14     | Found Emuileuh's Assorted Antiques.
 34137 | D:14     | Identified the +1 quarterstaff "Newtslayer" {protect,
                  | +Blink rPois Int+2 Stlth-}
 34209 | D:14     | Found Felileink's Distillery.
 34222 | D:14     | Bought a potion of curing for 54 gold pieces
 34222 | D:14     | Bought a potion of mutation for 144 gold pieces
 34222 | D:14     | Bought a potion of curing for 54 gold pieces
 34222 | D:14     | Bought 2 potions of mutation for 288 gold pieces
 34222 | D:14     | Bought a potion of magic for 144 gold pieces
 34425 | D:15     | Entered Level 15 of the Dungeon
 34674 | D:15     | Found a staircase to the Depths.
 35470 | Elf:1    | Entered Level 1 of the Elven Halls
 35917 | Elf:1    | Gained mutation: When hurt, damage is shared between your
                  | health and your magic reserves. [demonic ancestry]
 35917 | Elf:1    | Reached XP level 19. HP: 152/152 MP: 32/32
 37055 | Elf:2    | Found a runed translucent gate.
 37056 | Elf:2    | Found a runed translucent gate.
 37061 | Elf:2    | Found a runed translucent gate.
 37337 | Elf:2    | Reached skill level 10 in Earth Magic
 37345 | Elf:2    | Reached skill level 10 in Transmutations
 38277 | Elf:3    | Entered Level 3 of the Elven Halls
 38281 | Elf:3    | Found Ixuorij's One-of-a-Kind Books.
 38459 | Elf:3    | Identified the Guide on Moulding
 38791 | Elf:3    | Identified the +8 scimitar of Arriag {vorpal, Int+5}
 39158 | Elf:3    | Noticed a Brimstone Fiend
 39162 | Elf:2    | Noticed a Brimstone Fiend
 39554 | Elf:3    | Identified the +2 flail "Uplyu" {venom, *Corrode rPois rN+
                  | Stlth+}
 39640 | Elf:3    | Noticed a Tzitzimitl
 39641 | Elf:3    | Identified the ring "Tetinupa" {MP+9 Int+3}
 39643 | Elf:3    | Noticed a Tzitzimitl
 39874 | Elf:3    | Identified the ring "Xal Moll" {Will+ Int+6}
 40174 | Elf:3    | Identified the Disquisition on the Creative Voyage
 41118 | Vaults:1 | Entered Level 1 of the Vaults
 41141 | Vaults:1 | Gained mutation: When low on magic, you restore magic in
                  | place of health. [demonic ancestry]
 41141 | Vaults:1 | Reached XP level 20. HP: 158/159 MP: 33/33
 41636 | Vaults:1 | Noticed Saint Roka
 41657 | Vaults:1 | Killed Saint Roka
 41751 | Vaults:1 | Found a runed translucent gate.
 41751 | Vaults:1 | Found a runed translucent gate.
 41751 | Vaults:1 | Found a runed translucent gate.
 41752 | Vaults:1 | Found an opulent altar of Gozag.
 41752 | Vaults:1 | Noticed dolemite99's ghost (adept HOFi)
 41841 | Vaults:1 | Noticed Nikola
 41874 | Vaults:1 | Killed Nikola
 43558 | Vaults:2 | Gained mutation: Your presence sometimes corrodes those you
                  | injure. [demonic ancestry]
 43558 | Vaults:2 | Reached XP level 21. HP: 125/165 MP: 31/35
 43938 | Vaults:2 | Found a staircase to the Crypt.
 44976 | Vaults:3 | Found Erexanar's Magic Scroll Shoppe.
 45003 | Vaults:3 | Bought a scroll of enchant armour for 142 gold pieces
 45290 | Vaults:3 | Identified the +0 ring mail of Indomitability {Str+7}
 46040 | Vaults:4 | Reached ****** piety under Qazlal
 46041 | Vaults:4 | Gained mutation: Your presence sometimes corrodes or
                  | deforms those you injure. [demonic ancestry]
 46041 | Vaults:4 | Reached XP level 22. HP: 172/172 MP: 37/37
 46110 | Vaults:4 | Found a ruined gateway.
 46121 | Desolati | Entered the Desolation of Salt
 46161 | Desolati | Reached skill level 15 in Earth Magic
 46369 | Desolati | Identified the +9 lajatang of Miehyhoe {freeze, rC+ Will-
                  | Str+3}
 46373 | Desolati | Identified the +0 robe of Dibom {Dex+4}
 46407 | Desolati | Identified the +10 dire flail "Shayle's Death" {spect,
                  | rElec rC+}
 46554 | Desolati | Identified the ring of Autumn {*Corrode Fly EV+4 Str+7
                  | Stlth+}
 46678 | Desolati | Identified the ring of Xom's Scorn {Fly Will- rCorr Dex+5
                  | SInv}
 46686 | Desolati | Identified the Volume of Hexes
 46694 | Desolati | Identified the Guide on the Floating Snowflakes
 47029 | Desolati | Identified the ring "Feesicot" {Fire Drain rElec Dex-3
                  | Stlth+}
 47030 | Desolati | Identified the +8 hand axe of Okawaru's Pride {vorpal,
                  | Dex+4}
 49006 | Vaults:4 | Learned a level 9 spell: Shatter
 49365 | Slime:1  | Entered Level 1 of the Pits of Slime
 50274 | Slime:3  | Gained mutation: You are clumsy. (Dex -2) [a shining eye]
 50340 | Slime:3  | You fall into a shaft and drop 1 floor!
 50421 | Slime:5  | Entered Level 5 of the Pits of Slime
 50624 | Slime:1  | Gained mutation: You sometimes lose the ability to read
                  | scrolls when taking damage. [a shining eye]
 50661 | Slime:2  | Lost mutation: You sometimes lose the ability to read
                  | scrolls when taking damage. [potion of mutation]
 50661 | Slime:2  | Gained mutation: Potions are less effective at restoring
                  | your health. [potion of mutation]
 50661 | Slime:2  | Gained mutation: You have a somewhat thin skeletal
                  | structure. (Dex +2, Stealth+) [potion of mutation]
 50661 | Slime:2  | Gained mutation: You are robust. (+10% HP) [potion of
                  | mutation]
 50662 | Slime:2  | Lost mutation: Potions are less effective at restoring your
                  | health. [potion of mutation]
 50662 | Slime:2  | Lost mutation: You are robust. (+10% HP) [potion of
                  | mutation]
 50662 | Slime:2  | Lost mutation: You are clumsy. (Dex -2) [potion of
                  | mutation]
 50662 | Slime:2  | Gained mutation: You are frail. (-10% HP) [potion of
                  | mutation]
 50662 | Slime:2  | Gained mutation: Your flesh is cold resistant. (rC+)
                  | [potion of mutation]
 50662 | Slime:2  | Gained mutation: Your mind is acute. (Int +2) [potion of
                  | mutation]
 50663 | Slime:2  | Lost mutation: You have a somewhat thin skeletal structure.
                  | (Dex +2, Stealth+) [potion of mutation]
 50663 | Slime:2  | Lost mutation: Your flesh is cold resistant. (rC+) [potion
                  | of mutation]
 50663 | Slime:2  | Gained mutation: You tend to lose your temper in combat.
                  | [potion of mutation]
 50663 | Slime:2  | Gained mutation: You are very frail. (-20% HP) [potion of
                  | mutation]
 50663 | Slime:2  | Gained mutation: You have an increased reservoir of magic.
                  | (+10% MP) [potion of mutation]
 50664 | Slime:2  | Lost mutation: You tend to lose your temper in combat.
                  | [potion of mutation]
 50664 | Slime:2  | Lost mutation: You are very frail. (-20% HP) [potion of
                  | mutation]
 50664 | Slime:2  | Gained mutation: You expend magic power (3 MP) to
                  | strengthen your wands. [potion of mutation]
 50664 | Slime:2  | Gained mutation: You are strong-willed. (Will+) [potion of
                  | mutation]
 50664 | Slime:2  | Lost mutation: You are frail. (-10% HP) [potion of
                  | mutation]
 51409 | Slime:5  | Noticed the Royal Jelly
 51598 | Slime:4  | Reached XP level 23. HP: 172/178 MP: 43/43
 51979 | Slime:5  | Killed the Royal Jelly
 52129 | Slime:5  | Got a slimy rune of Zot
 52166 | Slime:5  | Identified the ring of Qerr {rElec MP+9}
 52211 | Slime:5  | Identified the +2 chain mail "Xodor" {rF+ Str+4 SInv}
 52221 | Slime:5  | Identified the +0 robe "Poide" {Dex+3}
 52239 | Slime:5  | Identified the +5 hand axe of Painful Death {pain, rCorr}
 52241 | Slime:5  | Identified the +12 hunting sling "Killer Klown's Peril"
                  | {venom, rElec rC+ Stlth+}
 52912 | Depths:1 | Entered Level 1 of the Depths
 52919 | Depths:1 | Identified the +4 hand axe of Wusogaese {vorpal, SInv}
 53211 | Depths:1 | Found a shimmering blue altar of Sif Muna.
 53253 | Depths:1 | Found Higg's Antique Armour Emporium.
 53286 | Depths:1 | Found a gateway to a ziggurat.
 53288 | Depths:1 | Bought a heavily runed cloak for 342 gold pieces
 53288 | Depths:1 | Identified the +1 cloak of Nanuk {rF++} (You bought it in a
                  | shop on level 1 of the Depths)
 53431 | Depths:1 | Found a gateway to Hell.
 53856 | Depths:2 | Noticed Louise
 53861 | Depths:2 | Killed Louise
 54018 | Depths:2 | Found Bolihiq's Jewellery Shop.
 54021 | Depths:2 | Found the +3 pair of gauntlets of War {Slay+5}
 54029 | Depths:2 | Found Zyuw Zicwyx's Jewellery Boutique.
 54221 | Depths:2 | Found a one-way gate to the infinite horrors of the Abyss.
 55147 | Depths:3 | Found an iron altar of Okawaru.
 55185 | Depths:3 | Gained mutation: You have hooves in place of feet. [demonic
                  | ancestry]
 55185 | Depths:3 | Reached XP level 24. HP: 158/185 MP: 44/44
 55267 | Depths:3 | Found a one-way gate leading to the halls of Pandemonium.
 56002 | Depths:4 | Found a flickering gateway to a bazaar.
 56012 | Bazaar   | Entered a bazaar
 56016 | Bazaar   | Found Rabbeavaa's Distillery.
 56024 | Bazaar   | Bought a potion of curing for 30 gold pieces
 56024 | Bazaar   | Bought a potion of cancellation for 80 gold pieces
 56024 | Bazaar   | Bought a potion of might for 40 gold pieces
 56024 | Bazaar   | Bought a potion of brilliance for 40 gold pieces
 56024 | Bazaar   | Bought a potion of curing for 30 gold pieces
 56024 | Bazaar   | Bought a potion of curing for 30 gold pieces
 56024 | Bazaar   | Bought a potion of mutation for 80 gold pieces
 56024 | Bazaar   | Bought 3 potions of heal wounds for 150 gold pieces
 56024 | Bazaar   | Found Jelehot's Jewellery Shoppe.
 56035 | Bazaar   | Found Onokkit's Antique Armour Boutique.
 56046 | Bazaar   | Found Qutanloe's Antique Weapon Emporium.
 56047 | Bazaar   | Found Xisygh's General Store.
 56064 | Bazaar   | Bought the +4 moon troll leather armour {Spirit, Regen++
                  | MP+5} for 599 gold pieces
 56064 | Bazaar   | Found the +4 moon troll leather armour {Spirit, Regen++
                  | MP+5}
 56336 | Depths:4 | Reached skill level 27 in Invocations
 56378 | Depths:3 | Identified the +0 kite shield "Jona" {-Tele Rampage Dex+3}
 57239 | Depths:5 | Entered Level 5 of the Depths
 57430 | Depths:5 | Found a gate to the Realm of Zot.
 58018 | Depths:5 | Acquired the amulet "Catop" {RegenMP +Inv rN+ Int+4}
 58053 | Depths:5 | Found a blossoming altar of Fedhas.
 59262 | Crypt:1  | Entered Level 1 of the Crypt
 59419 | Crypt:1  | Noticed Frederick
 59438 | Crypt:1  | Killed Frederick
 59798 | Crypt:1  | Identified the Disquisition on the Creative Birds
 59961 | Crypt:2  | Gained mutation: You are completely covered in thin
                  | metallic scales. (AC +4, rElec) [demonic ancestry]
 59961 | Crypt:2  | Reached XP level 25. HP: 191/191 MP: 44/44
 59963 | Crypt:2  | Noticed Sojobo
 59983 | Crypt:2  | Killed Sojobo
 60337 | Crypt:2  | Found a huge runed translucent gate.
 60337 | Crypt:2  | Found a huge runed translucent gate.
 60337 | Crypt:2  | Found a huge runed translucent gate.
 60338 | Crypt:2  | Found a huge runed translucent gate.
 60338 | Crypt:2  | Found a huge runed translucent gate.
 60338 | Crypt:2  | Found a huge runed translucent gate.
 60339 | Crypt:2  | Found a huge runed translucent gate.
 60339 | Crypt:2  | Found a huge runed translucent gate.
 60339 | Crypt:2  | Found a huge runed translucent gate.
 60812 | Crypt:2  | Noticed Mara
 60816 | Crypt:2  | Noticed Shayle's illusion
 60835 | Crypt:2  | Noticed Shayle's illusion
 60861 | Crypt:2  | Noticed Shayle's illusion
 60861 | Crypt:2  | Killed Mara
 60911 | Crypt:3  | Entered Level 3 of the Crypt
 60963 | Crypt:3  | Identified the +4 short sword of the Shining Light {flame,
                  | rF- rN++}
 61156 | Crypt:3  | Found an ancient bone altar of Kikubaaqudgha.
 61414 | Crypt:3  | Identified the +1 scale mail of Nyon {rF+ Dex+3}
 61466 | Crypt:3  | Identified the +0 helmet of Taph {rN+}
 61579 | Crypt:3  | Found the +7 sceptre of Torment {pain, torment}
 61653 | Crypt:3  | Noticed an ancient lich
 61665 | Crypt:3  | Killed an ancient lich
 61692 | Crypt:3  | Found a staircase to the Tomb.
 61730 | Crypt:3  | Identified the ring of Xom's Condemnation {rPois rN+}
 61730 | Crypt:3  | Identified the ring "Kegron" {rElec rN+ Str+2}
 61730 | Crypt:3  | Identified the ring "Zyusm" {rN+ Int+4 Slay+3}
 62596 | Tomb:1   | Entered Level 1 of the Tomb of the Ancients
 62882 | Depths:2 | Voluntarily entered the Abyss.
 62936 | Abyss:3  | Found a corrupted altar of Lugonu.
 62936 | Abyss:3  | Found a corrupted altar of Lugonu.
 63057 | Abyss:3  | Found a corrupted altar of Lugonu.
 63066 | Abyss:3  | Got an abyssal rune of Zot
 63074 | Depths:2 | Escaped the Abyss
 63257 | Hell     | Entered the Vestibule of Hell
 63257 | Hell     | Noticed Geryon
 63515 | Depths:2 | Voluntarily entered the Abyss.
 63680 | Abyss:1  | Identified the +2 whip of Instinct {drain, rCorr Str-4
                  | Dex+5}
 63691 | Depths:2 | Escaped the Abyss
 63924 | Vaults:5 | Entered Level 5 of the Vaults
 63926 | Vaults:5 | Reached XP level 26. HP: 198/198 MP: 44/44
 64941 | Vaults:5 | Noticed an ancient lich
 64965 | Vaults:5 | Killed an ancient lich
 65203 | Vaults:5 | Noticed an ancient lich
 65212 | Vaults:5 | Killed an ancient lich
 65284 | Vaults:5 | Identified the amulet "Suhuuf" {Spirit rCorr Dex+4}
 65301 | Vaults:5 | Noticed Margery
 65305 | Vaults:5 | Identified the +8 short sword "Odeohoca" {freeze, *Noise
                  | rC++ Str+4}
 65313 | Vaults:5 | Killed Margery
 65471 | Vaults:5 | Identified the +5 morningstar of Defiance {vorpal, Will+}
 65528 | Vaults:5 | Identified the +10 halberd of the Singing Mosquito {vorpal,
                  | Will- rCorr SInv}
 65709 | Vaults:5 | Noticed an ancient lich
 65716 | Vaults:5 | Killed an ancient lich
 65762 | Vaults:5 | Identified the +3 long sword of Lies {vamp, rCorr}
 65799 | Vaults:5 | Noticed a dread lich
 65813 | Vaults:5 | Killed a dread lich
 65828 | Vaults:5 | Identified the +6 rapier "Siaxoew" {flame, rC- rN+++ Int-2
                  | Stlth+}
 65928 | Vaults:5 | Gained mutation: You can speak a Word of Chaos. [demonic
                  | ancestry]
 65928 | Vaults:5 | Reached XP level 27. HP: 204/204 MP: 44/44
 65930 | Vaults:5 | Noticed a dread lich
 65940 | Vaults:5 | Killed a dread lich
 66408 | Vaults:5 | Got a silver rune of Zot
 68045 | Tomb:1   | Noticed a royal mummy
 68046 | Tomb:1   | Killed a royal mummy
 68393 | Tomb:2   | Noticed a royal mummy
 68393 | Tomb:2   | Noticed a royal mummy
 68393 | Tomb:2   | Noticed a royal mummy
 68394 | Tomb:2   | Noticed a royal mummy
 68396 | Tomb:2   | Killed a royal mummy
 68396 | Tomb:2   | Killed a royal mummy
 68397 | Tomb:2   | Reached skill level 27 in Earth Magic
 68403 | Tomb:2   | Killed a royal mummy
 68403 | Tomb:2   | Killed a royal mummy
 68410 | Tomb:2   | Gained mutation: You occasionally shout uncontrollably at
                  | your foes. [mutagenic glow]
 68449 | Tomb:2   | Reached skill level 10 in Spellcasting
 68989 | Tomb:1   | Noticed a royal mummy
 68989 | Tomb:1   | Noticed a royal mummy
 68989 | Tomb:1   | Noticed a royal mummy
 68989 | Tomb:1   | Noticed a royal mummy
 68991 | Tomb:1   | Killed a royal mummy
 68991 | Tomb:1   | Killed a royal mummy
 68998 | Tomb:1   | Killed a royal mummy
 69002 | Tomb:1   | Killed a royal mummy
 69021 | Tomb:1   | Noticed a royal mummy
 69028 | Tomb:1   | Killed a royal mummy
 69029 | Tomb:1   | Noticed a royal mummy
 69038 | Tomb:1   | Noticed a royal mummy
 69040 | Tomb:1   | Killed a royal mummy
 69053 | Tomb:1   | Killed a royal mummy
 69085 | Tomb:1   | Noticed Boris
 69101 | Tomb:1   | Killed Boris
 69131 | Tomb:1   | Noticed a royal mummy
 69138 | Tomb:1   | Noticed a royal mummy
 69145 | Tomb:1   | Killed a royal mummy
 69155 | Tomb:1   | Noticed a royal mummy
 69156 | Tomb:1   | Killed a royal mummy
 69161 | Tomb:1   | Noticed a royal mummy
 69163 | Tomb:1   | Killed a royal mummy
 69169 | Tomb:1   | Noticed a royal mummy
 69725 | Tomb:1   | Killed a royal mummy
 69881 | Tomb:1   | Noticed a royal mummy
 69882 | Tomb:1   | Noticed a royal mummy
 69887 | Tomb:1   | Killed a royal mummy
 69888 | Tomb:1   | Killed a royal mummy
 69899 | Tomb:1   | Killed a royal mummy
 70212 | Tomb:1   | Noticed a royal mummy
 70225 | Tomb:1   | Killed a royal mummy
 70231 | Tomb:1   | Noticed a royal mummy
 70237 | Tomb:1   | Killed a royal mummy
 71073 | Tomb:3   | Entered Level 3 of the Tomb of the Ancients
 71083 | Tomb:3   | Noticed a royal mummy
 71083 | Tomb:3   | Noticed a royal mummy
 71084 | Tomb:3   | Noticed a royal mummy
 71086 | Tomb:3   | Noticed a royal mummy
 71087 | Tomb:3   | Killed a royal mummy
 71087 | Tomb:3   | Killed a royal mummy
 71087 | Tomb:3   | Killed a royal mummy
 71090 | Tomb:3   | Killed a royal mummy
 71240 | Tomb:3   | Noticed a royal mummy
 71243 | Tomb:3   | Killed a royal mummy
 71458 | Tomb:3   | Identified the +4 long sword of Kirom {vorpal, *Noise
                  | Str+10 Dex+4}
 71509 | Tomb:3   | Noticed a royal mummy
 71514 | Tomb:3   | Killed a royal mummy
 71694 | Tomb:3   | Noticed a royal mummy
 71708 | Tomb:3   | Killed a royal mummy
 71777 | Tomb:3   | Noticed a royal mummy
 71788 | Tomb:3   | Killed a royal mummy
 72045 | Tomb:3   | Noticed a royal mummy
 72058 | Tomb:3   | Killed a royal mummy
 72097 | Tomb:3   | Identified the Catalogue of Quantum Stolen Souls
 72133 | Tomb:3   | Identified the +0 pair of boots of the Robin {Str+4 Int-4
                  | Stlth+}
 72135 | Tomb:3   | Identified the +4 falchion of Wahay {venom, Will+}
 72163 | Tomb:3   | Identified the ring "Xuguas" {rCorr SInv}
 72170 | Tomb:3   | Acquired a +0 helmet of intelligence
 72190 | Tomb:3   | Identified the +7 arbalest of the Sky {elec, Int+6}
 72255 | Tomb:3   | Got a golden rune of Zot
 73056 | Depths:2 | Voluntarily entered the Abyss.
 73091 | Abyss:1  | Noticed an ancient lich
 73092 | Abyss:1  | Lost mutation: Your mind is acute. (Int +2) [a neqoxec]
 73109 | Abyss:1  | Killed an ancient lich
 73166 | Depths:2 | Escaped the Abyss
 73235 | Depths:2 | Voluntarily entered the Abyss.
 73304 | Abyss:1  | Found a corrupted altar of Lugonu.
 73518 | Abyss:1  | Gained mutation: Potions are less effective at restoring
                  | your health. [a cacodemon]
 73566 | Abyss:1  | Reached skill level 15 in Armour
 73642 | Depths:2 | Escaped the Abyss
 74751 | Hell     | Killed Geryon
 75014 | Hell     | Found a gateway to the freezing wastes of Cocytus.
 75100 | Hell     | Found a gateway to the decaying netherworld of Tartarus.
 75270 | Hell     | Found a gateway to the Iron City of Dis.
 75378 | Hell     | Found a gateway to the ashen valley of Gehenna.
 75504 | Geh:1    | Entered Level 1 of Gehenna
 75548 | Geh:1    | Reached skill level 15 in Dodging
 76072 | Geh:1    | Reached skill level 15 in Spellcasting
 81819 | Geh:7    | Entered Level 7 of Gehenna
 82554 | Geh:7    | HP: 10/204 [Brimstone Fiend/damnation (30)]
 82555 | Geh:7    | Killed from afar by a Brimstone Fiend

Illustrated notes

Levels and vault maps discovered:
D:1:      minmay_arrival_semitransparent, layout_basic,
          shapermc_ecumenical_altar_flowoftime, chequers_serial_rivers_micro_b
D:2:      minmay_roachtagon, layout_loops_ring, basic_altar, serial_park_tiny_1
D:3:      layout_basic
D:4:      layout_layer_cave, gammafunk_temple_overflow_statue, temple_statues,
          serial_shops, nicolae_shop_behind_doors, uniq_blork_the_orc,
          uniq_menkaure
D:5:      layout_basic, serial_shops, shop, serial_undead, serial_undead_b,
          serial_undead_a, serial_undead_e, serial_undead_c,
          corexii_hall_statues_deadend, minivault_26
D:6:      minmay_klotski, layout_layer_cave, kennysheep_doodads,
          nicolae_evil_shop
D:7:      layout_rooms, nemelex_diamond_rough_becter, uniq_pikel
D:8:      minmay_angry_zag, layout_basic
D:9:      layout_cave_pods, kennysheep_diamond, minmay_protected_statue,
          uniq_gastronok
D:10:     layout_rooms, old_standard_altar, erik_lair_dragon,
          hangedman_decor_slide_cut, grunt_decor_clamped, minivault_28
D:11:     layout_layer_cave, orc_0_dummy, special_room [special_room_orc],
          uniq_josephine
D:12:     layout_layer_cave, uniq_urug
D:13:     minmay_five_octagons, layout_irregular_city, david_vaults_2,
          serial_shops, nicolae_shop_statue_plus, shop, shop,
          kennysheep_little_box
D:14:     layout_loops_ring, serial_shops, nicolae_shop_window_shopping,
          nicolae_shop_crystal
D:15:     gammafunk_depths_entry_grave, layout_basic,
          minmay_misc_feat_secret_circle
Temple:   hc_temple_tempest_star
Lair:1:   layout_regular_city, infiniplex_staircase_pool, uniq_nergalle
Lair:2:   layout_chaotic_city, grunt_megastairs_5, minmay_lair_oklob_chamber
Lair:3:   layout_cave_pods, grunt_megastairs_3
Lair:4:   layout_roguey, minmay_shoals_entry_hut,
          minmay_snake_entry_guardpost_small
Lair:5:   layout_concentric_octagons, serial_bayou_shore_a, uniq_snorg
Lair:6:   grunt_lair_end_beastmaster, layout_gridlike, slime_altar_1,
          minivault_25, nicolae_quartered_pool_little, st_stairs_9,
          chequers_serial_rivers_micro_a
Shoals:1: layout_shoals, centaur_isle
Shoals:2: layout_shoals, gammafunk_ghost_arena,
          portal_ice_cave_entry_ice_statue_one,
          nicolae_shoals_arrival_archipelago
Shoals:3: layout_shoals, uniq_polyphemus
Shoals:4: shoals_end_simple, layout_shoals, serial_shops, nicolae_shop_crystal,
          nicolae_shoals_isolated_beach, uniq_bai_suzhen, uniq_aizul
Snake:1:  layout_honeycomb, serial_shops, bzr_in_the_mist, uniq_rupert
Snake:2:  layout_chambers, serial_shops, shop
Snake:3:  layout_basic, serial_bayou_shore_b, minmay_shop_grove
Snake:4:  snake_pit_salamanders_mu, layout_onion, serial_shops, shop,
          minmay_shop_star
Slime:1:  cheibrodos_slime_lost_civilization_3, layout_caves
Slime:2:  layout_caves
Slime:3:  layout_caves
Slime:4:  layout_caves
Slime:5
Orc:1:    layout_diamond_mine, serial_shops,
          nicolae_shop_competitors_out_of_business
Orc:2:    st_orc_pillars, layout_caves, sword_in_stone, uniq_sonja, uniq_donald
Elf:1:    eino_elf_arrival_sip, layout_geoelf_diagonals,
          kennysheep_underground_church, nicolae_wwwww, grunt_megastairs_1
Elf:2:    layout_gridlike
Elf:3:    minmay_elf_hall_not_hex, layout_loops_corners,
          serial_sigils_hangedman_scratch, minivault_19, nicolae_rare_books,
          grunt_ministairs_4, hangedman_elven_ridges, corner_web_ring
Vaults:1: ebering_vaults_ghost_gozag, vaults_dpeg_hooks, v_misc_22,
          vaults_mumra_chevron, v_pattern_2, v_rooms_3, ontoclasm_vaults_twist,
          nicolae_vaults_alarming, nicolae_vaults_network_periphery, v_rooms_5,
          hangedman_vaults_capsules, v_misc_19, vaults_room_hallway,
          layout_vaults_big_room, uniq_nikola, uniq_saint_roka
Vaults:2: v_misc_26, dpeg_vaults_monster_row, nicolae_vaults_arrows,
          ontoclasm_vaults_pinch, nicolae_vaults_little_ls,
          blue_anna_dwarven_crypt, v_misc_24, hangedman_vaults_impose,
          vaults_dpeg_cross, st_hourglassy, layout_vaults_omnicross
Vaults:3: special_room_vaults [special_room_orc], vaults_room_mumra_shop_pool,
          vaults_room_corners, grunt_vaults_diagonal, nicolae_vaults_theta,
          hangedman_vaults_corner, nicolae_vaults_network_s, v_misc_3,
          v_rooms_5, hangedman_vaults_cutoff, vaults_dpeg_diagonal,
          layout_vaults_ring
Vaults:4: ontoclasm_vaults_ring_small, v_misc_27, ontoclasm_vaults_eye,
          hangedman_vaults_maws, ontoclasm_vaults_ring_square, st_cells,
          ontoclasm_vaults_ring_square, v_rooms_4, ontoclasm_vaults_chip,
          vaults_room_pool, layout_vaults_quadrants,
          portal_desolation_entry_nicolae_slug
Vaults:5: uniq_margery
Crypt:1:  layout_rooms, uniq_frederick
Crypt:2:  cheibrodos_crypt_3hun_7po, layout_basic, uniq_mara, uniq_sojobo
Crypt:3:  grunt_crypt_end_deaths_head
Tomb:1:   uniq_boris
Tomb:2
Tomb:3
Depths:1: layout_cave_shapes, enter_ziggurat_f, serial_shops, shop,
          pf_vacation_house_of_asmodeus, nicolae_sif_muna_condensation
Depths:2: hangedman_screamer, layout_basic, serial_bayou_pond_e, pf_coc_iceberg,
          nicolae_abyss_entry_one_way_or_another, st_stairs_9,
          hangedman_cracks_in_the_wall, infiniplex_staircase_pillars_1,
          minmay_shoptagon
Depths:3: cheibrodos_quadrivalence, layout_honeycomb, okawaru_gym_becter,
          lightli_too_deep, rand_demon_pan_entry_5, nrook_mini_vaults,
          infiniplex_staircase_squiggle
Depths:4: minmay_tri_box, layout_cave_shapes, minmay_misc_feat_x,
          marbit_kobold_abyss_entry, hellmouth_1, serial_shops, freezing_bzr,
          infiniplex_staircase_trident
Depths:5: evilmike_zot_entry_argh, layout_gridlike, grunt_hell_entry_dis_old,
          fedhas_altar_2
Hell
Geh:1:    layout_gehenna_pools_basic
Geh:2:    layout_gehenna_lava_caves
Geh:3:    layout_gehenna_pools_box
Geh:4:    layout_gehenna_lava_caves
Geh:5:    layout_gehenna_pools_basic
Geh:6:    layout_gehenna_pools_basic
Geh:7:    geh_grunt_pentagon

Skill      XL: |  1  2  3  4  5  6  7  8  9 10 11 12 13 14 15 16 17 18 19 20 21 22 23 24 25 26 27 |
---------------+----------------------------------------------------------------------------------+-----
Long Blades    | 2 3 4 5 6 7 8 9 10 11 12 13 | 13.0
Invocations    | 2 3 5 8 10 11 12 13 15 16 17 19 21 22 24 26 27 | 27.0
Fighting       | 3 4 6 8 9 10 11 12 13 14 | 14.2
Armour         | 2 4 6 8 9 10 18 | 18.2
Shields        | 2 4 6 7 |  7.0
Dodging        | 5 7 9 10 17 | 17.8
Spellcasting   | 5 7 9 17 | 17.6
Evocations     | 1 5 7 8 |  8.3
Transmutations | 1 5 7 9 11 13 | 13.6
Earth Magic    | 1 5 7 9 11 13 14 16 18 20 23 25 27 | 27.0
Throwing       | |  0.8
Translocations | |  2.6

Action                   |  1- 3 |  4- 6 |  7- 9 | 10-12 | 13-15 | 16-18 | 19-21 | 22-24 | 25-27 || total
-------------------------+-------+-------+-------+-------+-------+-------+-------+-------+-------++-------
Melee: Falchion          |   169 |   122 |       |       |       |       |       |       |       ||   291
       Kick              |    40 |    49 |    70 |   154 |   320 |       |   123 |   369 |  1989 ||  3114
       Dagger            |       |    53 |   276 |    94 |     1 |    54 |       |    14 |    52 ||   544
       Double sword      |       |       |       |   358 |   703 |       |       |       |       ||  1061
       Katana            |       |       |       |       |   301 |  1491 |  1714 |  1847 |  2946 ||  8299
Throw: Boomerang         |       |     1 |       |       |     7 |       |       |       |       ||     8
       Javelin           |       |       |       |       |       |       |     1 |       |     2 ||     3
 Cast: Statue Form       |       |       |       |       |       |       |     6 |     4 |    18 ||    28
       Shatter           |       |       |       |       |       |       |       |       |    59 ||    59
Invok: Upheaval          |       |       |     2 |     2 |     5 |    18 |     3 |     5 |    21 ||    56
       Elemental Force   |       |       |       |     5 |     8 |     4 |     3 |     3 |       ||    23
       Disaster Area     |       |       |       |       |     3 |     3 |     8 |    13 |    19 ||    46
 Abil: Word of Chaos     |       |       |       |       |       |       |       |       |     6 ||     6
Evoke: Wand              |       |       |     1 |    19 |    35 |    16 |    12 |     1 |    18 ||   102
       Piece from Xom's  |       |       |       |       |     3 |     1 |       |       |       ||     4
       Condenser vane    |       |       |       |       |       |       |       |       |     3 ||     3
       Figurine of a zig |       |       |       |       |       |       |       |       |     1 ||     1
  Use: Scroll            |     2 |       |    10 |     7 |    14 |     7 |     7 |     7 |    14 ||    68
       Potion            |       |     5 |       |     4 |     6 |     1 |     3 |     9 |    26 ||    54
 Stab: Sleeping          |     1 |       |       |       |       |       |       |       |       ||     1
       Distracted        |       |       |       |     3 |     1 |     2 |     1 |       |       ||     7
       Paralysed         |       |       |       |     3 |       |       |       |       |       ||     3
       Petrifying        |       |       |       |       |       |     2 |       |       |       ||     2
Armor: Leather armour    |    11 |       |       |    25 |       |       |       |       |       ||    36
       Ring mail         |    37 |    48 |    68 |     6 |       |       |       |       |       ||   159
       Skin              |       |       |       |     1 |       |       |    89 |    42 |   267 ||   399
       Acid dragon scale |       |       |       |   166 |   392 |    22 |       |       |       ||   580
       Fire dragon scale |       |       |       |       |       |   413 |   340 |       |   398 ||  1151
       Pearl dragon scal |       |       |       |       |       |       |    48 |   544 |   159 ||   751
       Troll leather arm |       |       |       |       |       |       |       |    14 |    92 ||   106
Dodge: Dodged            |    89 |    83 |    81 |   225 |   449 |   619 |   707 |   761 |  1775 ||  4789
       Repelled          |       |       |       |       |    14 |    18 |    16 |    33 |    32 ||   113
Block: Other             |       |     8 |    48 |   174 |   405 |       |       |       |       ||   635
       Buckler           |       |       |       |       |    61 |  1180 |  1354 |  1547 |  2797 ||  6939
       Rpst.: Falchion   |    32 |    21 |       |       |       |       |       |       |       ||    53
       Double sword      |       |       |       |    53 |    68 |       |       |       |       ||   121
       Katana            |       |       |       |       |    35 |   116 |   122 |   152 |   337 ||   762

Table legend: (Time is in decaauts)
 A = Elapsed time spent in this place.
 B = Non-inter-level travel time spent in this place.
 C = Inter-level travel time spent in this place.
 D = Time resting spent in this place.
 E = Time spent auto-exploring this place.
 F = Levels seen in this place.
 G = Mean time per level.
                   A        B        C        D        E       F      G
               +--------+--------+--------+--------+--------+-----+--------+
         Total |  85361 |  74129 |  11232 |  12127 |  36467 |  74 | 1153.5 |
       Dungeon |  19901 |  14742 |   5159 |    721 |  10398 |  15 | 1326.7 |
        Temple |    345 |    299 |     46 |      0 |    297 |   1 |  345.0 |
          Lair |   7021 |   6018 |   1003 |    165 |   4262 |   6 | 1170.2 |
        Shoals |   6233 |   5656 |    577 |    793 |   3143 |   4 | 1558.2 |
     Snake Pit |   5238 |   5041 |    197 |    434 |   3353 |   4 | 1309.5 |
    Slime Pits |   3243 |   3166 |     77 |    611 |   1458 |   5 |  648.6 |
  Orcish Mines |   1933 |   1365 |    568 |     37 |    858 |   2 |  966.5 |
   Elven Halls |   5045 |   4455 |    590 |    554 |   2503 |   3 | 1681.7 |
        Vaults |  10275 |   8945 |   1330 |   1420 |   4076 |   5 | 2055.0 |
         Crypt |   3251 |   2665 |    586 |     33 |   1553 |   3 | 1083.7 |
          Tomb |   5316 |   5012 |    304 |   2306 |      0 |   3 | 1772.0 |
        Depths |   7008 |   6483 |    525 |   1393 |   3283 |   5 | 1401.6 |
          Hell |   2899 |   2882 |     17 |   2171 |    455 |   1 | 2899.0 |
       Gehenna |   4795 |   4549 |    246 |   1304 |    244 |   7 |  685.0 |
         Abyss |    837 |    837 |      0 |     17 |    229 |   6 |  139.5 |
        Bazaar |    307 |    307 |      0 |      0 |     26 |   2 |  153.5 |
      Ice Cave |    391 |    391 |      0 |      0 |     81 |   1 |  391.0 |
    Desolation |   1316 |   1316 |      0 |    165 |    242 |   1 | 1316.0 |
               +--------+--------+--------+--------+--------+-----+--------+

Top non-repeatable levels by time:
    D:10: 3163 daAuts
  Tomb:1: 3082 daAuts
    Hell: 2899 daAuts
Vaults:4: 2635 daAuts
Vaults:2: 2088 daAuts
Shoals:4: 2056 daAuts
Vaults:5: 2051 daAuts
   Elf:2: 1944 daAuts
Depths:2: 1835 daAuts
Vaults:1: 1792 daAuts
    D:13: 1758 daAuts
 Snake:4: 1756 daAuts
     D:6: 1735 daAuts
   Elf:3: 1717 daAuts
Vaults:3: 1706 daAuts
